 Dungeon Crawl Stone Soup version 0.30-a0-696-g2367cd04db (webtiles) character file.

Game seed: 12455150151045451384

389 Newt the Skirmisher (level 7, -3/43 HPs)
             Began as a Kobold Hunter on Jan 20, 2023.
             Succumbed to Crazy Yiuf's poison
             ... on level 3 of the Dungeon.
             The game lasted 00:04:21 (4020 turns).

Newt the Skirmisher (Kobold Hunter)                 Turns: 4020, Time: 00:04:21

Health: -3/43      AC:  4    Str:  8    XL:     7   Next: 7%
Magic:  7/7        EV: 15    Int:  4    God:
Gold:   159        SH:  0    Dex: 20    Spells: 6/6 levels left

rFire   . . .      SeeInvis .    a - +0 shortbow
rCold   x . .      Faith    .    (shield currently unavailable)
rNeg    + . .      Spirit   .    e - +0 leather armour of Instinct {rC- rN+ Int-5 Slay+6}
rPois   .          Reflect  .    (no helmet)
rElec   .          Harm     .    o - +0 cloak
rCorr   .          Rampage  .    (no gloves)
Will    .....      Rnd*Tele +    (no boots)
Stlth   +++                      (no amulet)
HPRegen 0.27/turn                (no ring)
MPRegen 0.10/turn                (no ring)

@: brilliant, lethally poisoned (-3 -> -26)
A: small, no large weapons, nightstalker 3, dopey 1, teleportitis 1
a: no special abilities


You were on level 3 of the Dungeon.
You visited 1 branch of the dungeon, and saw 3 of its levels.

You collected 159 gold pieces.

Inventory:

Hand Weapons
 a - a +0 shortbow (weapon)
Missiles
 d - 3 throwing nets
Armour
 c - a +0 leather armour
 e - the +0 leather armour of Instinct (worn) {rC- rN+ Int-5 Slay+6}
   (You found it on level 3 of the Dungeon)

   Int:       It affects your intelligence (-5).
   Slay:      It affects your accuracy & damage with ranged weapons and melee
   (+6).
   rC:        It makes you vulnerable to cold.
   rN:        It protects you from negative energy.
 o - a +0 cloak (worn)
Scrolls
 b - a scroll of immolation
 f - a scroll of identify
Potions
 h - a potion of magic {unknown}
 n - 3 potions of brilliance


   Skills:
 - Level 4.0 Fighting
 - Level 9.0 Ranged Weapons
 + Level 3.0 Dodging
 - Level 3.0 Stealth


You had 6 spell levels left.
You didn't know any spells.
Your spell library was empty.

Dungeon Overview and Level Annotations

Branches:
Dungeon (3/15)

Altars:
Gozag
Okawaru
Yredelemnul
Zin
The Shining One

Annotations:
D:3 Crazy Yiuf


Innate Abilities, Weirdness & Mutations

You are small and have problems with some larger weapons.
You are completely attuned to the shadows.
You are dopey. (Int -2)
You are occasionally teleported next to monsters.


Message History

No target in view!
No target in view!
No target in view!
No target in view!
No target in view!
You feel a genetic drift.
You feel frail.
You see here a +0 dagger.
Okay, then.
Really quaff the potion of mutation? [Y]es or [N]o only, please.
Really quaff the potion of mutation?
You feel extremely strange.
You no longer feel a malignance within.
Your iridescent scales disappear.
You feel robust.
You feel weirdly uncertain.
You open the door. You shoot an arrow. The arrow hits Crazy Yiuf.
Crazy Yiuf is lightly wounded.
You shoot an arrow. The arrow hits Crazy Yiuf!
Crazy Yiuf is severely wounded.
You shoot an arrow. The arrow closely misses Crazy Yiuf.
You shoot an arrow.
The arrow hits Crazy Yiuf but does no damage.
Crazy Yiuf is severely wounded.
Crazy Yiuf hits you with a +2 quarterstaff of chaos!
You are poisoned.
You shoot an arrow. The arrow barely misses Crazy Yiuf.
You feel very sick.
Crazy Yiuf hits you with a +2 quarterstaff of chaos.
Crazy Yiuf freezes you.
You shoot an arrow. The arrow hits Crazy Yiuf.
Crazy Yiuf is almost dead.
* * * LOW HITPOINT WARNING * * *
You feel very sick.
Crazy Yiuf hits you with a +2 quarterstaff of chaos!
* * * LOW HITPOINT WARNING * * *
You are more poisoned.
It was a potion of brilliance.
You feel clever all of a sudden.
You die...

.#.........# #....†.#
.#........## ########
.##.......#
..##....### .._#....#
..##..÷.#
.##.....#### ##
.#.........## ###..)
.#.).#......####@g...
##...##......#..##...
#....###....#.### ##
.....# ########
.....# .....# ######


You could see Crazy Yiuf.

Vanquished Creatures
  Sigmund (D:3)
  A gnoll bouda (D:3)
  Ijyb (D:2)
  An orc wizard (D:3)
  2 adders
  7 gnolls
  A worm (D:3)
  A dart slug (D:3)
  6 orcs (D:3)
  5 ball pythons
  3 bats (D:1)
  4 endoplasms
  4 giant cockroaches
  4 goblins
  2 hobgoblins
  4 quokkas
  9 frilled lizards
  7 kobolds
  8 rats
71 creatures vanquished.

Vanquished Creatures (others)
  35 plants
35 creatures vanquished.

Grand Total: 106 creatures vanquished

Notes
Turn   | Place    | Note
-------+----------+-------------------------------------------
     0 | D:1      | Newt the Kobold Hunter began the quest for the Orb.
     0 | D:1      | Reached XP level 1. HP: 12/12 MP: 1/1
   127 | D:1      | Reached XP level 2. HP: 17/17 MP: 2/2
   336 | D:1      | You fall into a shaft and drop 1 floor!
   853 | D:1      | Reached XP level 3. HP: 22/22 MP: 3/3
  1882 | D:3      | Noticed Ijyb
  2279 | D:2      | Killed Ijyb
  2280 | D:2      | Reached XP level 4. HP: 22/29 MP: 4/4
  2508 | D:3      | Found a basalt altar of Yredelemnul.
  2513 | D:3      | Found an opulent altar of Gozag.
  2515 | D:3      | Found a glowing golden altar of the Shining One.
  2516 | D:3      | Found a glowing silver altar of Zin.
  2521 | D:3      | Found an iron altar of Okawaru.
  2626 | D:3      | Noticed Sigmund
  2689 | D:3      | Reached skill level 6 in Ranged Weapons
  2690 | D:3      | Killed Sigmund
  2691 | D:3      | Reached skill level 8 in Ranged Weapons
  2691 | D:3      | Reached XP level 5. HP: 24/33 MP: 5/5
  2691 | D:3      | Reached XP level 6. HP: 28/38 MP: 6/6
  2739 | D:3      | Found a faded altar of an unknown god.
  2822 | D:2      | HP: 1/38 [gnoll/+0 club[a gnoll bouda] (3)]
  3321 | D:3      | Gained mutation: You are partially covered in iridescent
                  | scales. (AC +2) [potion of mutation]
  3321 | D:3      | Gained mutation: You are dopey. (Int -2) [potion of
                  | mutation]
  3321 | D:3      | Gained mutation: You have hidden genetic defects. [potion
                  | of mutation]
  3328 | D:3      | HP: 1/38 [gnoll/+0 halberd (6)]
  3786 | D:3      | Identified the +0 leather armour of Instinct {rC- rN+ Int-5
                  | Slay+6}
  3810 | D:3      | Found a runed translucent door.
  3813 | D:3      | Noticed Crazy Yiuf
  3901 | D:3      | Reached skill level 9 in Ranged Weapons
  3901 | D:3      | Reached XP level 7. HP: 33/43 MP: 7/7
  3944 | D:3      | Gained mutation: You are frail. (-10% HP) [hidden defects]
  4012 | D:3      | Lost mutation: You have hidden genetic defects. [potion of
                  | mutation]
  4012 | D:3      | Lost mutation: You are partially covered in iridescent
                  | scales. (AC +2) [potion of mutation]
  4012 | D:3      | Lost mutation: You are frail. (-10% HP) [potion of
                  | mutation]
  4012 | D:3      | Gained mutation: You are occasionally teleported next to
                  | monsters. [potion of mutation]
  4019 | D:3      | HP: 2/43 [Crazy Yiuf/+2 quarterstaff of chaos (7)]
  4020 | D:3      | Succumbed to Crazy Yiuf's poison

Illustrated notes

Levels and vault maps discovered:
D:1:      amcnicky_arrival_abandoned_market, layout_basic,
          dreamdust_wishing_well, serial_bayou_pond_e, minmay_lizard_king
D:2:      layout_basic, grunt_decor_cap, serial_bayou_pond_e
D:3:      layout_basic, chequers_temple_overflow_minitemple,
          hellmonk_ecumenical_altar_leap_of_faith, dk_noncrumbling_4,
          serial_bayou_lagoon_b, uniq_sigmund, uniq_crazy_yiuf_cottage,
          uniq_ijyb

Skill      XL: |  1  2  3  4  5  6  7 |
---------------+----------------------+-----
Stealth        | 2 3 |  3.0
Fighting       | 4 |  4.0
Ranged Weapons | 8 9 |  9.0
Dodging        | 3 |  3.0

Action                   |  1- 3 |  4- 6 |  7- 9 || total
-------------------------+-------+-------+-------++-------
Melee: Unarmed           |     5 |     2 |       ||     7
 Fire: Shortbow          |    74 |   107 |    11 ||   192
  Use: Scroll            |     6 |       |       ||     6
       Potion            |       |     3 |     2 ||     5
Armor: Leather armour    |     4 |    18 |       ||    22
       Skin              |     2 |       |       ||     2
Dodge: Dodged            |    22 |    45 |     1 ||    68

Table legend: (Time is in decaauts)
 A = Elapsed time spent in this place.
 B = Non-inter-level travel time spent in this place.
 C = Inter-level travel time spent in this place.
 D = Time resting spent in this place.
 E = Time spent auto-exploring this place.
 F = Levels seen in this place.
 G = Mean time per level.
                   A        B        C        D        E       F      G
               +--------+--------+--------+--------+--------+-----+--------+
         Total |   4079 |   3940 |    139 |    942 |   2446 |   3 | 1359.7 |
       Dungeon |   4079 |   3940 |    139 |    942 |   2446 |   3 | 1359.7 |
               +--------+--------+--------+--------+--------+-----+--------+

Top non-repeatable levels by time:
     D:2: 1728 daAuts
     D:3: 1189 daAuts
     D:1: 1160 daAuts
